 Dungeon Crawl Stone Soup version 0.30.0-16-gbe6223bb7e (webtiles) character file.

Game seed: 403115636453295161

609 NateTC the Digger (level 7, -3/36 HPs)
             Began as a Gargoyle Earth Elementalist on May 20, 2023.
             Killed by divine providence
             ... invoked by an orc priest
              (15 damage)
             ... on level 5 of the Dungeon.
             The game lasted 00:07:40 (4696 turns).

NateTC the Digger (Gargoyle Earth Elementalist)     Turns: 4696, Time: 00:07:41

Health: -3/36      AC:  8    Str: 12    XL:     7   Next: 43%
Magic:  6/13       EV: 11    Int: 17    God:
Gold:   325        SH:  0    Dex: 10    Spells: 10/14 levels left

rFire   . . .        (no weapon)
rCold   + . .        (no shield)
rNeg    + . .        a - +0 robe
rPois   ∞            w - +0 helmet
rElec   +            c - +0 cloak
rCorr   .            (no gloves)
SInv    .            (no boots)
Will    .....        (no amulet)
Stlth   ++           t - ring of protection from cold
HPRegen 0.26/turn    (no ring)
MPRegen 0.13/turn

%: no passive effects
@: no status effects
A: sickness immunity, AC +4, negative energy resistance 1, electricity
resistance, torment resistance 1, petrification resistance
a: no special abilities


You were on level 5 of the Dungeon.
You visited 1 branch of the dungeon, and saw 5 of its levels.

You collected 325 gold pieces.

Inventory:

Armour
 a - a +0 robe (worn)
 c - a +0 cloak (worn)
 w - a +0 helmet (worn)
Jewellery
 p - a ring of fire
 t - a ring of protection from cold (left hand)
Wands
 m - a wand of polymorph (5)
Scrolls
 k - a scroll of enchant weapon {unknown}
 l - 2 scrolls of teleportation
 n - a scroll of fear {unknown}
 s - 2 scrolls of poison {unknown}
 u - a scroll of enchant armour {unknown}
 v - a scroll of magic mapping {unknown}
Potions
 d - 3 potions of haste
 f - a potion of invisibility
 g - a potion of curing
 h - a potion of might
 i - a potion of brilliance
 j - 3 potions of degeneration {unknown}
 o - a potion of flight {unknown}
 r - a potion of lignification {unknown}


   Skills:
 - Level 1.5 Dodging
 - Level 2.1 Stealth
 + Level 4.0 Spellcasting
 * Level 5.8 Conjurations
 - Level 0.7 Transmutations
 + Level 5.9 Earth Magic


You had 10 spell levels left.
You knew the following spells:

 Your Spells              Type           Power      Damage    Failure   Level
a - Sandblast             Erth           46%        2d11      1%          1
b - Stone Arrow           Conj/Erth      46%        3d9       4%          3

Your spell library contained the following spells:

 Spells                   Type           Power      Damage    Failure   Level
 Magic Dart               Conj           92%        1d7       1%          1
 Passwall                 Tmut/Erth      11%        N/A       6%          2
 Apportation              Tloc           6%         N/A       16%         1
 Necrotise                Necr           12%        1d4       16%         1
 Summon Small Mammal      Summ           12%        N/A       16%         1
 Mephitic Cloud           Conj/Pois/Air  10%        N/A       22%         3
 Call Imp                 Summ           6%         N/A       24%         2
 Ensorcelled Hibernation  Hex/Ice        6%         N/A       24%         2
 Petrify                  Tmut/Erth      14%        N/A       38%         4
 Swiftness                Air            3%         N/A       43%         3
 Alistair's Intoxication  Tmut/Pois      2%         N/A       98%         5


Dungeon Overview and Level Annotations

Branches:
Dungeon (5/15) Zot: 25211
 Temple: D:4-7

Altars:
Qazlal
Yredelemnul
Zin

Shops:
D:4 =


Innate Abilities, Weirdness & Mutations

You are immune to sickness and miasma.
Your stone body is resilient. (AC +4)
You are immune to poison.
You resist negative energy. (rN+)
You are resistant to electric shocks. (rElec)
You are resistant to unholy torment.
You are immune to petrification.


Message History

There is a stone staircase leading up here.
The blast of sand hits the orc but does no damage.
The orc barely misses you.
The orc priest mumbles some strange prayers to Beogh against you.
Beogh smites you!
The blast of sand hits the orc.
The orc is heavily wounded.
The orc barely misses you. The orc priest misses you.
The orc completely misses you.
The blast of sand hits the orc!
You kill the orc!
The orc priest mumbles some strange prayers to Beogh against you.
Beogh smites you!
You are too injured to fight recklessly!
You are too injured to fight recklessly!
You are too injured to fight recklessly!
Casting: Sandblast (safe; 1% risk of failure)
Confirm with . or Enter, or press ? or * to list all spells.
Aiming: Stone Arrow (dangerous; 4% risk of failure)
Press: ? - help, Shift-Dir - straight line, f - orc priest
Aim: an orc priest, wielding a +0 trident and wearing a +0 chain mail (79% to hit)
The stone arrow misses the orc priest.
The orc priest hits you from afar with a +0 trident.
Casting: Stone Arrow (dangerous; 4% risk of failure)
Confirm with . or Enter, or press ? or * to list all spells.
Aiming: Sandblast (safe; 1% risk of failure)
Press: ? - help, Shift-Dir - straight line, f/p - orc priest
Aim: an orc priest, wielding a +0 trident and wearing a +0 chain mail (87% to hit)
The blast of sand hits the orc priest but does no damage.
The orc priest barely misses you.
The orc priest looks satisfied for a moment.
Casting: Sandblast (safe; 1% risk of failure)
Confirm with . or Enter, or press ? or * to list all spells.
Aiming: Sandblast (safe; 1% risk of failure)
Press: ? - help, Shift-Dir - straight line, f/p - orc priest
Aim: an orc priest, wielding a +0 trident and wearing a +0 chain mail (87% to hit)
The blast of sand hits the orc priest but does no damage.
The orc priest mumbles some strange prayers to Beogh against you.
Beogh smites you!
You die...

## .# ###.# ##..?##
##.....##
.###########.......#
o..........o.......#
##.######.##.@.....#
#.###)....## #{#
##...## #o# ##..#
#.# #..# #####o#
#.># #oo...# #..#
#.##### #{.### #.#
#...?#


You could see an orc priest.

Vanquished Creatures
  The ghost of JoshKwa the Magician, an amateur DjFE of Cheibriados (D:3)
  A phantom (D:4)
  2 scorpions
  A hound (D:5)
  2 orc priests (D:4)
  4 orc wizards
  A scorpion simulacrum (D:3)
  4 adders
  A hound simulacrum (D:3)
  An ufetubus (D:4)
  3 dart slugs
  2 adder simulacra (D:3)
  11 orcs
  8 ball pythons
  2 bats (D:2)
  6 endoplasms
  5 goblins
  8 hobgoblins
  6 jackals (D:1)
  2 quokkas (D:4)
  A ball python simulacrum (D:3)
  5 frilled lizards
  8 kobolds
  5 rats
90 creatures vanquished.

Notes
Turn   | Place    | Note
-------+----------+-------------------------------------------
     0 | D:1      | NateTC the Gargoyle Earth Elementalist began the quest for
                  | the Orb.
     0 | D:1      | Reached XP level 1. HP: 10/10 MP: 3/3
   186 | D:1      | Reached skill level 1 in Conjurations
   198 | D:1      | Reached XP level 2. HP: 15/15 MP: 0/5
   965 | D:2      | Reached XP level 3. HP: 19/19 MP: 4/6
  1885 | D:2      | Learned a level 3 spell: Stone Arrow
  1895 | D:3      | Noticed a scorpion
  1899 | D:3      | Killed a scorpion
  1900 | D:3      | Reached XP level 4. HP: 11/24 MP: 1/8
  2108 | D:3      | Found a basalt altar of Yredelemnul.
  2302 | D:3      | Noticed JoshKwa's ghost (amateur DjFE)
  2327 | D:3      | Found a runed translucent gate.
  2327 | D:3      | Found a runed translucent gate.
  2327 | D:3      | Found a runed translucent gate.
  2350 | D:3      | Reached XP level 5. HP: 28/28 MP: 5/9
  2641 | D:3      | Killed JoshKwa's ghost
  2694 | D:3      | Reached skill level 5 in Earth Magic
  2762 | D:3      | Reached XP level 6. HP: 26/32 MP: 6/10
  2853 | D:4      | Found a stormy altar of Qazlal.
  3403 | D:4      | Found a glowing silver altar of Zin.
  3470 | D:4      | Found Cicviqem's Jewellery Emporium.
  3474 | D:4      | Reached skill level 5 in Conjurations
  3588 | D:4      | Reached XP level 7. HP: 10/36 MP: 5/12
  4141 | D:5      | Entered Level 5 of the Dungeon
  4696 | D:5      | Killed from afar by an orc priest

Illustrated notes

Levels and vault maps discovered:
D:1:      lightli_arrival_boilingwater, layout_loops_ring
D:2:      layout_basic, minmay_misc_feat_enclosed, kennysheep_flooded_box
D:3:      layout_loops_cross, yredelemnul_altar_generic, gammafunk_ghost_icy
D:4:      layout_rooms, grunt_qazlal_clouds, amcnicky_altar_gilded,
          serial_shops, shop, minmay_fractal_squares_gapless_5
D:5:      layout_loops_ring, tgw_trog

Skill      XL: |  1  2  3  4  5  6  7 |
---------------+----------------------+-----
Conjurations   | 1 3 4 5 |  5.8
Earth Magic    | 4 5 |  5.9
Spellcasting   | 3 4 |  4.0
Dodging        | |  1.5
Stealth        | |  2.1
Transmutations | |  0.7

Action                     |  1- 3 |  4- 6 |  7- 9 || total
---------------------------+-------+-------+-------++-------
  Melee: Unarmed           |    25 |     4 |     7 ||    36
         Punch             |     1 |       |       ||     1
   Cast: Sandblast         |    47 |    72 |    46 ||   165
         Stone Arrow       |       |       |     3 ||     3
    Use: Scroll            |     6 |       |     2 ||     8
         Potion            |       |       |     2 ||     2
 Armour: Robe              |    17 |    15 |    36 ||    68
  Dodge: Dodged            |    26 |    31 |    31 ||    88
